 Dungeon Crawl Stone Soup version bcrawl-1.37.2 (webtiles) character file.

Game seed: 14627271763035196415

95187 Mehrunes the Conjurer (level 3, -5/20 HPs)
             Began as an Avariel Conjurer on Nov 3, 2022.
             Slain by an ogre
             ... wielding a cursed +0 giant club
              (10 damage)
             ... on level 3 of the Dungeon.
             The game lasted 00:02:59 (1991 turns).

Mehrunes the Conjurer (Avariel Conjurer)            Turns: 1991, Time: 00:02:59

Health: -5/20      AC:  2    Str:  6    XL:     3   Next: 79%
Magic:  9/9        EV: 13    Int: 21    God:
Gold:   245        SH:  0    Dex: 13    Spells: 5/8 levels left

rFire    . . .     GDR:     25%   - Fists (2.6)
rCold    . . .     SeeInvis .   (no shield)
rNeg     . . .     Gourm    .   a - +0 robe
rPois    .         Faith    .   (no helmet)
rElec    .         Spirit   .   (no cloak)
rCorr    .         Reflect  .   (no gloves)
MR       .....                  (no boots)
Stlth    ++........             (no amulet)
HPRegen  0.13/turn              (no ring)
MPRegen  0.11/turn              (no ring)

@: no status effects
A: no striking features
a: no special abilities


You were on level 3 of the Dungeon.
You were hungry.

You visited 1 branch of the dungeon, and saw 3 of its levels.

You collected 245 gold pieces.

Inventory:

Armour
 a - a +0 robe (worn)
Jewellery
 d - an uncursed ring of protection from cold {unknown}
 f - a cursed ring of wizardry {unknown}
 g - the ring of Jojaptitu {Fire rElec Int-3 Dex-5 SInv, unknown}
   (You found it on level 1 of the Dungeon)

   [ring of fire]

   It enhances your fire magic.
   It affects your intelligence (-3).
   It affects your dexterity (-5).
   It protects you from fire.
   It makes you vulnerable to cold.
   It insulates you from electricity.
   It lets you see invisible.
Scrolls
 h - a scroll of magic mapping {unknown}
 i - 8 scrolls of identify
 j - a scroll of amnesia {unknown}
 k - 2 scrolls of enchant weapon {unknown}
 l - 2 scrolls of blinking {unknown}
 n - a scroll of remove curse {unknown}
Potions
 c - a potion of magic
 m - a potion of might {unknown}
Comestibles
 e - a ration {!d}


   Skills:
 + Level 1.2 Fighting
 + Level 2.8 Dodging
 - Level 2.1 Stealth
 + Level 3.4 Spellcasting
 + Level 5.8 Conjurations


You had 5 spell levels left.
You knew the following spells:

 Your Spells              Type           Power        Failure   Level  Hunger
a - Magic Dart            Conj           ####         1%          1    None
b - Searing Ray           Conj           ####....     1%          2    None

Your spell library contained the following spells:

 Spells                   Type           Power        Failure   Level  Hunger
 Iskenderun's Mystic Bla  Conj           ####....     3%          3    ####...
 Fulminant Prism          Conj/Hex       ###.......   36%         4    #####..
 Irradiate                Conj/Tmut      ###.......   71%         5    ######.


Dungeon Overview and Level Annotations

Branches:
Dungeon (3/12)

Altars:
Cheibriados

Annotations:
D:3 1 exclusion


Message History

There is a stone staircase leading up here.
Press: ? - help, v - describe, . - travel
There is a rock wall here.
Pillar chosen.
Step on one of the excluded tiles and press space to continue.
Starting manual walk.
The ogre hits you with a cursed +0 giant club!!
Ouch! That really hurt!
* * * LOW HITPOINT WARNING * * *
There is a stone staircase leading up here.
Direction swapped!
You see here a leather armour.
A frilled lizard comes into view.
The frilled lizard hisses angrily.
Press: ? - help, v - describe, . - travel
There is a rock wall here.
Pillar chosen.
Step on one of the excluded tiles and press space to continue.
Starting manual walk.
The ogre hits you with a cursed +0 giant club!
Ouch! That really hurt!
You die...

... #..# .... ... #..#
...... .... #..# ......
.....#..# ###......
....#..# .........
#....# #........
#####.#..#####.#......
#.....##....lO@......###
#.......##...#.#.#.....#
#.#####.##...#.#.#.....#
#.##...#.#.......#
#.##...#.#.......#
#.##...#.#...#...#
#.######.........#
#....# ###.#.##..#
####.# #.......#


You could see an ogre and a frilled lizard.

Vanquished Creatures
  An ooze (D:2)
  2 dart slugs
  2 leopard geckos (D:2)
  3 giant cockroaches (D:2)
  A goblin (D:2)
  7 hobgoblins
  5 jackals
  A quokka (D:1)
  A ball python (D:1)
  4 bats
  4 frilled lizards
  2 kobolds (D:2)
  5 rats
38 creatures vanquished.

Notes
Turn   | Place    | Note
-------+----------+-------------------------------------------
     0 | D:1      | Mehrunes the Avariel Conjurer began the quest for the Orb.
     0 | D:1      | Reached XP level 1. HP: 10/10 MP: 6/6
   293 | D:1      | Reached XP level 2. HP: 16/16 MP: 2/7
   377 | D:1      | Got a smoking brass ring
   692 | D:1      | Learned a level 2 spell: Searing Ray
  1120 | D:2      | Reached XP level 3. HP: 20/20 MP: 7/9
  1136 | D:2      | Reached skill level 1 in Fighting
  1309 | D:2      | Found a snail-covered altar of Cheibriados.
  1939 | D:3      | Noticed an ogre
  1991 | D:3      | Slain by an ogre

Skill      XL: |  1  2  3 |
---------------+----------+-----
Spellcasting   | 3 |  3.4
Fighting       | 1 |  1.2
Dodging        | |  2.8
Stealth        | |  2.1
Conjurations   | |  5.8

Action                   || total
-------------------------++-------
 Cast: Magic Dart        ||    72
       Searing Ray       ||     2
  Eat: Chunk             ||     3
Armor: Robe              ||     3
Dodge: Dodged            ||    12
